 Dungeon Crawl Stone Soup version 0.22-a0-587-g7d32d7c (webtiles) character file.

536 Hebeh the Chopper (level 7, -6/61 HPs)
             Began as a Minotaur Fighter on July 4, 2018.
             Killed by divine providence
             ... invoked by an orc priest
              (12 damage)
             ... on level 4 of the Dungeon.
             The game lasted 00:08:27 (2607 turns).

Hebeh the Chopper (Minotaur Fighter)                Turns: 2607, Time: 00:08:29

Health: -6/61      AC: 11    Str: 26    XL:     7   Next: 4%
Magic:  6/6        EV:  6    Int:  5    God:
Gold:   197        SH: 10    Dex:  9    Spells: 6/6 levels left

rFire    . . .     SeeInvis +   e - +0 flail (protect)
rCold    . . .     Gourm    .   c - +0 shield
rNeg     . . .     Faith    .   u - +0 chain mail (curse)
rPois    .         Spirit   .   (helmet restricted)
rElec    .         Reflect  .   (no cloak)
rCorr    .         Harm     .   (no gloves)
MR       .....                  t - +0 pair of boots
Stlth    ..........             (no amulet)
HPRegen  0.20/turn              h - ring of see invisible
MPRegen  0.10/turn              q - +3 ring of strength

@: no status effects
A: retaliatory headbutt, horns 2
a: no special abilities


You were on level 4 of the Dungeon.
You were not hungry.

You visited 1 branch of the dungeon, and saw 4 of its levels.

You collected 197 gold pieces.

Inventory:

Hand Weapons
 a - a +1 war axe
 e - a +0 flail of protection (weapon)
 k - a cursed -2 hand axe
 l - a +2 flail of protection
Armour
 c - a +0 shield (worn)
 j - a +0 plate armour
 t - a +0 pair of boots (worn)
 u - a cursed +0 chain mail (worn)
Jewellery
 h - a ring of see invisible (left hand)
 q - a +3 ring of strength (right hand)
Scrolls
 b - a scroll of teleportation
 m - 8 scrolls of identify
 n - a scroll of enchant weapon
Potions
 d - 3 potions of might
 g - a potion of mutation
 i - 2 potions of flight {unknown}
 o - a potion of invisibility {unknown}
 r - 2 potions of agility {unknown}
 s - 2 potions of curing {unknown}
Comestibles
 f - 2 rations
 p - 4 chunks of flesh


   Skills:
 + Level 5.3 Fighting
 * Level 6.1 Axes
 + Level 5.3 Armour
 + Level 5.4 Shields


You had 6 spell levels left.
You didn't know any spells.
Your spell library was empty.

Dungeon Overview and Level Annotations

Branches:
Dungeon (4/15)
 Temple: D:4-7

Altars:
Ru

Annotations:
D:4 1 runed door, gmonis's ghost, amateur MiBe


Innate Abilities, Weirdness & Mutations

You reflexively headbutt those who attack you in melee.
You have a pair of horns on your head.


Message History

You are too injured to fight recklessly!
Unknown command.
The orc priest calls down the wrath of Beogh upon you.
Beogh smites you!
* * * LOW HITPOINT WARNING * * *
The orc priest mumbles some strange prayers to Beogh against you.
You struggle to resist.
The orc priest invokes the aid of Beogh against you.
Beogh smites you!
* * * LOW HITPOINT WARNING * * *
The orc priest miscasts a cantrip.
Items here: )) [[ a dagger; a leather armour; a dagger; a robe
Things that are here:
2 tomahawks; a mace; a ring mail You see here a tomahawk.
There is an open door here.
The orc priest mumbles some strange prayers to Beogh against you.
Beogh smites you!
You die...

#..(..#.#.######
#.....#.........
####[.#.#+#.###.
#....#S#.#
###.###F#.#
#####.....#S# ..
#.......###W# #
#.........#)#
#....@.####≈#
#......#
#####o## .#.####
#o# #.#....+ #.#
#......# #o#
#......# #.#
#.)....#
#o#######......#
#.()o.o........+


You could see 2 orc priests and 2 orcs.

Vanquished Creatures
  Grinder (D:4)
  Edmund (D:4)
  A hound (D:4)
  An orc priest (D:4)
  An orc wizard (D:4)
  2 adders
  7 gnolls (D:3)
  2 oozes (D:1)
  A dart slug (D:2)
  4 leopard geckos
  4 orcs
  8 bats
  4 giant cockroaches
  6 goblins
  7 hobgoblins
  3 kobolds
  A quokka (D:3)
  A ball python (D:3)
  2 frilled lizards
  7 rats
64 creatures vanquished.

Notes
Turn   | Place    | Note
-------+----------+-------------------------------------------
     0 | D:1      | Hebeh the Minotaur Fighter began the quest for the Orb.
     0 | D:1      | Reached XP level 1. HP: 19/19 MP: 0/0
    82 | D:1      | Reached XP level 2. HP: 27/27 MP: 1/1
   131 | D:1      | Reached skill level 3 in Axes
   609 | D:2      | Reached XP level 3. HP: 33/33 MP: 2/2
  1154 | D:2      | Found a sacrificial altar of Ru.
  1708 | D:3      | Reached XP level 4. HP: 40/40 MP: 3/3
  1712 | D:3      | Reached skill level 4 in Axes
  2062 | D:3      | Reached XP level 5. HP: 47/47 MP: 4/4
  2435 | D:4      | Found a runed door.
  2435 | D:4      | Noticed Grinder
  2435 | D:4      | Noticed Edmund
  2436 | D:4      | Paralysed by Grinder for 4 turns
  2436 | D:4      | Noticed gmonis's ghost (amateur MiBe)
  2447 | D:4      | Killed Grinder
  2447 | D:4      | Reached skill level 5 in Fighting
  2447 | D:4      | Reached skill level 5 in Axes
  2447 | D:4      | Reached skill level 5 in Armour
  2447 | D:4      | Reached skill level 5 in Shields
  2447 | D:4      | Reached XP level 6. HP: 43/56 MP: 5/5
  2461 | D:4      | Killed Edmund
  2560 | D:4      | Reached skill level 6 in Axes
  2569 | D:4      | Reached XP level 7. HP: 50/61 MP: 6/6
  2595 | D:4      | HP: 3/61 [orc priest/divine providence (10)]
  2607 | D:4      | Killed from afar by an orc priest

Vault maps used:
D:1:      dpeg_arrival_chambers_temple_mockup
D:2:      old_standard_altar
D:3:      gup_sewer_entry_bubbles
D:4:      ebering_ghost_sewer_d, corexii_leaking_fountain,
          kennysheep_generic_room_8, uniq_grinder, uniq_edmund

Skill      XL: |  1  2  3  4  5  6 |
---------------+-------------------+-----
Axes           | 3 4 5 6 |  6.1
Shields        | 4 5 |  5.4
Armour         | 4 5 |  5.3
Fighting       | 4 5 |  5.3

Action                   |  1- 3 |  4- 6 |  7- 9 || total
-------------------------+-------+-------+-------++-------
Melee: War axe           |   117 |    45 |       ||   162
       Headbutt          |     7 |    10 |     1 ||    18
       Flail             |       |    32 |     7 ||    39
  Use: Scroll            |     7 |       |       ||     7
  Eat: Chunk             |     3 |     3 |       ||     6
Armor: Scale mail        |    42 |       |       ||    42
       Plate armour      |     8 |       |       ||     8
       Chain mail        |     3 |    37 |     1 ||    41
Dodge: Dodged            |    30 |    17 |     1 ||    48
Block: Shield            |    59 |    45 |     3 ||   107

Table legend:
 A = Spawn XP
 B = Non-spawn XP
 C = Spawn XP percentage of total XP
 D = Spawn monster count
 E = Non-spawn monster count
 F = Spawn count percentage of total count
 G = Total turns spent on level
                    A         B        C        D         E        F      G
               +---------+---------+-------+---------+---------+-------+---------
         Total |       0 |     766 |   0.0 |       0 |      64 |   0.0 |  2607
               +---------+---------+-------+---------+---------+-------+---------
           D:1 |       0 |      40 |   0.0 |       0 |      17 |   0.0 |   606
           D:2 |       0 |      40 |   0.0 |       0 |      14 |   0.0 |   760
           D:3 |       0 |     142 |   0.0 |       0 |      25 |   0.0 |  1069
           D:4 |       0 |     544 |   0.0 |       0 |       8 |   0.0 |   172
               +---------+---------+-------+---------+---------+-------+---------
